 Dungeon Crawl Stone Soup version 0.32-a0-612-g1c984fe9d1 (webtiles) character file.

Game seed: 18430571717204228572

1169 cforsyth the Scholar of Death (level 8, -1/61 (73) HPs)
             Began as a Mountain Dwarf Necromancer on Mar 4, 2024.
             Was a Follower of Kikubaaqudgha.
             Slain by a kobold brigand
             ... wielding a +2 dagger of draining
              (2 damage)
             ... on level 6 of the Dungeon.
             The game lasted 00:13:52 (7606 turns).

cforsyth the Scholar of Death (MDNe)                Turns: 7606, Time: 00:13:54

HP:   -1/61 (73)    AC: 17    Str: 13    XL:     8   Next: 17%
MP:   10/10         EV:  3    Int: 16    God:    Kikubaaqudgha [*.....]
Gold: 265           SH:  0    Dex: 10    Spells: 5/10 levels left

rFire   . . .        k - +1 spear (flame)
rCold   . . .        (no shield)
rNeg    . . .        v - +0 plate armour
rPois   .            j - +0 helmet
rElec   .            a - +0 cloak
rCorr   .            m - +0 pair of gloves
SInv    .            (no boots)
Will    +....        (no amulet) Stlth
                     W - ring of willpower
HPRegen 0.30/turn    T - +4 ring of protection
MPRegen 0.12/turn

%: no passive effects
@: lethally poisoned (-1 -> -12), about to teleport, attractive, slowed, heavily
drained, very slow
A: runic magic, artefact enchanting
a: Renounce Religion, Unearth Wretches


You were on level 6 of the Dungeon.
You worshipped Kikubaaqudgha.
Kikubaaqudgha was aware of your devotion.
You visited 2 branches of the dungeon, and saw 7 of its levels.

You collected 265 gold pieces.


Innate Abilities, Weirdness & Mutations

Your spellcasting is much less encumbered by armour.
You can use scrolls of enchantment on lesser artefacts.


   Skills:
 + Level 7.4 Fighting
 - Level 1.3 Dodging
 - Level 1.4 Stealth
 - Level 1.7 Spellcasting
 + Level 8.8 Necromancy


You had 5 spell levels left.
You knew the following spells:

 Your Spells              Type           Power      Damage    Failure   Level
a - Animate Dead          Necr           29%        N/A       21%         4
X - Necrotise             Necr           100%       1d9       1%          1

Your spell library contained the following spells:

 Spells                   Type           Power      Damage    Failure   Level
 Sublimation of Blood     Necr           29%        N/A       3%          2
 Vampiric Draining        Necr           29%        2d8       6%          3
 Kiss of Death            Conj/Necr      60%        2d10      13%         1
 Curse of Agony           Necr           29%        N/A       50%         5
 Volatile Blastmotes      Fire/Tloc      2%         2d10      93%         3
 Fulminant Prism          Conj/Alch      0%         3d5       100%        4
 Iskenderun's Mystic Bla  Conj/Tloc      1%         2d3       100%        4

Inventory:

Hand Weapons
 i - a +0 mace
 k - a +1 spear of flaming (weapon)
 C - a +3 war axe
Missiles
 y - a throwing net {=f}
Armour
 a - a +0 cloak (worn)
 j - a +0 helmet (worn)
 m - a +0 pair of gloves (worn)
 v - a +0 plate armour (worn)
Jewellery
 w - a ring of willpower
 L - a ring of flight
 T - a +4 ring of protection (right hand)
 W - a ring of willpower (left hand)
Wands
 s - a wand of quicksilver (10)
 u - a wand of roots (6)
Scrolls
 c - 2 scrolls of identify {@r1}
 e - a scroll of enchant weapon {unknown}
 f - 5 scrolls of teleportation {@r2}
 h - a scroll of blinking {unknown}
 l - a scroll of fog {unknown}
 t - a scroll of torment {unknown}
 x - a scroll of immolation {unknown}
 B - a scroll of enchant armour {unknown}
Potions
 b - a potion of magic
 d - a potion of heal wounds {unknown}
 g - a potion of curing {unknown}
 n - a potion of brilliance {unknown}
 o - 4 potions of enlightenment
 p - a potion of might {unknown}
 q - a potion of degeneration {unknown}
 r - a potion of ambrosia {unknown}
 z - a potion of lignification {unknown}
 D - a potion of invisibility {unknown}

Dungeon Overview and Level Annotations

Branches:
Dungeon (6/15)             Temple (1/1) D:5

Altars:
Ashenzari
Cheibriados
Dithmenos
Elyvilon
Fedhas
Gozag
Hepliaklqana
Kikubaaqudgha
Makhleb
Nemelex Xobeh
Okawaru
Qazlal
Ru
Sif Muna
Trog
Uskayaw
Vehumet
Wu Jian
Xom
Yredelemnul
The Shining One

Shops:
D:3 : D:5

[ #~~#..## #.#
#### #~##..# #.#
#~#..### #.#
###..#~# #.#
#..#~## #.#
#..#~~## #.#
##..#~~~# #.#
#..##≈~~## #z#
#K@#≈≈≈~.###[#
#.K##≈~~...#<#
##..#≈~~.#.#)#
#..##~.##.#(#
##..#~.##...######
..##............
??#####..#####..
)(# #..# #.. #..#
#..


You could see 2 kobold brigands.


Message History

The kobold brigand hits you but does no damage.
You feel drained.
Unknown command.
Casting: Necrotise (safe; 1% risk of failure)
Confirm with . or Enter, or press ? or * to list all spells.
Aiming: Necrotise (safe; 1% risk of failure)
Press: ? - help, Shift-Dir - straight line, f - kobold brigand
Aim: a kobold brigand, wielding a +0 dagger of draining and quivering curare-tipped darts (lightly wounded, chance to affect: 83%)
Okay, then.
Unknown command.
As you read the scroll of teleportation {@r2}, it crumbles to dust.
You feel strangely unstable.
* * * LOW HITPOINT WARNING * * *
You feel extremely sick.
The kobold brigand hits you with a +2 dagger of draining.
* * * LOW HITPOINT WARNING * * *
You feel drained.
* * * LOW HITPOINT WARNING * * *
The kobold brigand hits you but does no damage.
You feel drained.
Unknown command.
It was a potion of attraction.
You feel attractive to monsters.
* * * LOW HITPOINT WARNING * * *
You feel very sick.
The kobold brigand hits you with a +2 dagger of draining!
* * * LOW HITPOINT WARNING * * *
You feel drained.
You die...
Kikubaaqudgha rasps: You have failed me!
Welcome... death!

Skill      XL: |  1  2  3  4  5  6  7 |
---------------+----------------------+-----
Fighting       | 1 2 3 4 5 7 |  7.4
Necromancy     | 5 6 7 8 |  8.8
Dodging        | |  1.3
Stealth        | |  1.4
Spellcasting   | |  1.7

Action                     |  1- 3 |  4- 6 |  7- 9 || total
---------------------------+-------+-------+-------++-------
  Melee: Unarmed           |    50 |       |       ||    50
         Spear             |     9 |    39 |    74 ||   122
   Cast: Necrotise         |    52 |   118 |    96 ||   266
    Use: Scroll            |       |     1 |     3 ||     4
         Potion            |       |       |     1 ||     1
   Stab: Sleeping          |       |     1 |       ||     1
 Armour: Robe              |    44 |       |       ||    44
         Leather armour    |     4 |    51 |    24 ||    79
         Plate armour      |       |       |    88 ||    88
  Dodge: Dodged            |    50 |    38 |    24 ||   112

Levels and vault maps discovered:
D:1:      psy_arrival_basics, layout_rooms
D:2:      layout_rooms, basic_altar, chequers_ecumenical_altar_grove,
          minivault_14, amcnicky_mini_pool_small,
          minmay_misc_feat_secret_circle, minmay_close_crescents
D:3:      layout_loops_ring, lemuel_doored_altar, serial_shops,
          nicolae_shop_tiny_glass
D:4:      layout_basic, uniq_ijyb
D:5:      layout_rooms, mainiacjoe_overflow_concentric_impassable,
          nicolae_overflow_quartered_altars, minmay_temple_entry_trees,
          serial_shops, nicolae_shop_pleasant_corner_grove, serial_aquarium,
          aquarium_bridge_square [aquarium_subvault_wall,
          aquarium_subvault_wall, aquarium_subvault_bridge,
          aquarium_subvault_balcony], aquarium_window_fake, aquarium_window_1,
          aquarium_view_2c, aquarium_view_2d, aquarium_pool_four
D:6:      cheibrodos_thug_alley, layout_loops_ring, dk_noncrumbling_3
Temple:   eino_wide_crystal_templ

Notes
Turn   | Place    | Note
-------+----------+-------------------------------------------
     0 | D:1      | cforsyth the Mountain Dwarf Necromancer began the quest for
                  | the Orb.
     0 | D:1      | Reached XP level 1. HP: 14/14 MP: 3/3
   283 | D:1      | Reached skill level 1 in Fighting
   372 | D:1      | Reached XP level 2. HP: 9/23 MP: 0/4
   957 | D:2      | Found a radiant altar of Vehumet.
  1144 | D:3      | Found Tedwoset's Book Shoppe.
  1239 | D:3      | Reached skill level 2 in Fighting
  1239 | D:3      | Reached skill level 5 in Necromancy
  1239 | D:3      | Reached XP level 3. HP: 24/29 MP: 0/5
  1608 | D:3      | Found a bloodstained altar of Trog.
  1817 | D:3      | Reached skill level 3 in Fighting
  1817 | D:3      | Reached XP level 4. HP: 25/38 MP: 1/6
  2142 | D:4      | Noticed a black bear
  2184 | D:4      | Killed a black bear
  2185 | D:4      | Reached skill level 4 in Fighting
  2185 | D:4      | Reached skill level 6 in Necromancy
  2185 | D:4      | Reached XP level 5. HP: 39/46 MP: 0/7
  2966 | D:3      | Reached XP level 6. HP: 46/53 MP: 1/8
  3712 | D:4      | Noticed Ijyb
  3736 | D:4      | Killed Ijyb
  4244 | D:4      | Reached skill level 5 in Fighting
  4510 | D:5      | Entered Level 5 of the Dungeon
  4569 | D:4      | Reached skill level 7 in Necromancy
  5122 | D:5      | Reached XP level 7. HP: 49/61 MP: 5/9
  5342 | D:5      | Reached skill level 6 in Fighting
  5445 | D:5      | Found a radiant altar of Vehumet.
  5653 | D:5      | Learned a level 4 spell: Animate Dead
  5672 | D:5      | Found an ornate altar of the Wu Jian Council.
  5706 | D:5      | Found a white marble altar of Elyvilon.
  5778 | D:5      | Found a staircase to the Ecumenical Temple.
  5789 | Temple   | Entered the Ecumenical Temple
  5808 | Temple   | Became a worshipper of Kikubaaqudgha
  5900 | D:5      | Reached skill level 8 in Necromancy
  6237 | D:5      | Found Sacwou's Antique Armour Shoppe.
  6330 | D:5      | Found a hide-covered altar of Uskayaw.
  6355 | D:5      | Found a shadowy altar of Dithmenos.
  6608 | D:6      | Reached skill level 7 in Fighting
  6608 | D:6      | Reached XP level 8. HP: 70/73 MP: 1/10
  7097 | D:6      | Reached * piety under Kikubaaqudgha
  7097 | D:6      | Received a gift from Kikubaaqudgha
  7606 | D:6      | HP: 1/62 [kobold brigand/+2 dagger of draining (7)]
  7606 | D:6      | Slain by a kobold brigand

Vanquished Creatures
  A black bear (D:4)
  An ogre (D:5)
  A phantom (D:4)
  A gnoll sergeant (D:6)
  2 wights
  2 orc priests (D:5)
  3 bombardier beetles
  2 jellies (D:5)
  3 gnoll boudas
  2 iguanas
  2 sleepcaps (D:5)
  Ijyb (D:4)
  2 adders (D:3)
  24 gnolls
  3 dart slugs
  3 ribbon worms
  3 orcs (D:5)
  5 ball pythons
  5 bats
  An endoplasm (D:4)
  2 giant cockroaches
  3 hobgoblins
  10 jackals
  11 kobolds
  A quokka (D:1)
  A frilled lizard (D:3)
  3 goblins
  5 rats
103 creatures vanquished.

Vanquished Creatures (collateral kills)
  A goblin (D:4)
  A frilled lizard (D:2)
  A kobold (D:2)
3 creatures vanquished.

Grand Total: 106 creatures vanquished

Table legend: (Time is in decaauts)
 A = Elapsed time spent in this place.
 B = Non-inter-level travel time spent in this place.
 C = Inter-level travel time spent in this place.
 D = Time resting spent in this place.
 E = Time spent auto-exploring this place.
 F = Levels seen in this place.
 G = Mean time per level.
                   A        B        C        D        E       F      G
               +--------+--------+--------+--------+--------+-----+--------+
         Total |   7640 |   7315 |    325 |   1281 |   4685 |   7 | 1091.4 |
       Dungeon |   7601 |   7313 |    288 |   1281 |   4685 |   6 | 1266.8 |
        Temple |     38 |      1 |     37 |      0 |      0 |   1 |   38.0 |
               +--------+--------+--------+--------+--------+-----+--------+

Top non-repeatable levels by time:
     D:4: 2189 daAuts
     D:5: 1768 daAuts
     D:3: 1460 daAuts
     D:6: 921 daAuts
     D:1: 834 daAuts
     D:2: 428 daAuts
  Temple: 38 daAuts

Table legend:
 A = Non-vault XP
 B = Vault XP
 C = Vault XP percentage of total XP
 D = Non-vault monster count
 E = Vault monster count
 F = Vault count percentage of total count
                 A         B        C        D         E       F
            +---------+---------+-------+---------+---------+-------
      Total |    1619 |      51 |   3.1 |      96 |      10 |   9.4
            +---------+---------+-------+---------+---------+-------
        D:1 |      21 |       0 |   0.0 |      12 |       0 |   0.0
        D:2 |      14 |       0 |   0.0 |       9 |       0 |   0.0
        D:3 |     166 |       0 |   0.0 |      22 |       0 |   0.0
        D:4 |     477 |      36 |   7.0 |      24 |       1 |   4.0
        D:5 |     715 |       0 |   0.0 |      22 |       0 |   0.0
        D:6 |     226 |      15 |   6.2 |       7 |       9 |  56.2
            +---------+---------+-------+---------+---------+-------
